 Dungeon Crawl Stone Soup version 0.19-a0-706-g03de5d9 (webtiles) character file.

2542 Ducklets the Gusty (level 9, 0/64 HPs)
             Began as a Demigod Air Elementalist on June 19, 2016.
             Slain by a komodo dragon (28 damage)
             ... on level 7 of the Dungeon.
             The game lasted 01:40:56 (8597 turns).

Ducklets the Gusty (Demigod Air Elementalist)       Turns: 8597, Time: 01:41:03

Health: 0/64       AC:  7    Str: 11    XL:     9   Next: 9%
Magic:  17/21      EV: 14    Int: 25    God:
Gold:   437        SH:  0    Dex: 16    Spells: 5 memorised, 6 levels left

rFire  + . .     SeeInvis .     y - +2 trident (flame)
rCold  + . .     Gourm    .     r - +1 robe {rC+ rF+}
rNeg   . . .     Faith    .     (no shield)
rPois  .         Spirit   .     i - +2 hat
rElec  .         Dismiss  .     t - +0 cloak
rCorr  .         Reflect  .     L - +0 pair of gloves
SustAt +         Harm     .     (no boots)
MR     .....                    (no amulet)
Stlth  ++........               (no ring)
                                (no ring)

@: not resistant to hostile enchantments, unstealthy
A: high mp 1, sustain attributes
a: no special abilities


You were on level 7 of the Dungeon.
You were not hungry.

You visited 2 branches of the dungeon, and saw 8 of its levels.

You collected 437 gold pieces.

Inventory:

Hand Weapons
 c - a +1 halberd
 m - a +0 shortbow
 o - a +0 blowgun
 p - a +0 short sword
 x - a cursed +3 war axe
 y - a +2 trident of flaming (weapon)
 A - a +0 hunting sling
 I - a cursed -1 rapier
 J - a +1 dagger of speed
 N - a +2 dagger of speed
 O - a +1 short sword
Missiles
 g - 34 sling bullets
 h - 203 stones (quivered)
 j - 106 arrows
 q - 26 poisoned needles
 G - 28 bolts
Armour
 i - a +2 hat (worn)
 r - a +1 robe of resistance (worn)
 t - a +0 cloak (worn)
 D - the +1 robe of Free Expression {Str+2, unknown}
   (You found it on level 4 of the Dungeon)

   It affects your strength (+2).
 L - a +0 pair of gloves (worn)
Jewellery
 a - a +2 ring of slaying {unknown}
 e - an uncursed ring of fire {unknown}
 w - an uncursed ring of protection from fire {unknown}
Wands
 u - a wand of slowing (18/48)
Scrolls
 z - 2 scrolls of recharging
 H - 2 scrolls of magic mapping
 K - a scroll of summoning {unknown}
Potions
 f - a potion of haste {unknown}
 l - a potion of invisibility
 n - a potion of mutation {unknown}
 s - a potion of heal wounds {unknown}
 v - 3 potions of flight {unknown}
 C - a potion of magic {unknown}
 E - 2 potions of brilliance
 F - a potion of agility {unknown}
Books
 b - a book of Air

   Spells                             Type                      Level
   a - Shock                          Conjuration/Air              1
   b - Swiftness                      Charms/Air                   2
   c - Repel Missiles                 Charms/Air                   2
   d - Static Discharge               Conjuration/Air              3
   e - Lightning Bolt                 Conjuration/Air              5
 d - a book of Annihilations

   Spells                             Type                      Level
   a - Poison Arrow                   Conjuration/Poison           6
   b - Chain Lightning                Conjuration/Air              8
   c - Lehudib's Crystal Spear        Conjuration/Earth            8
   d - Glaciate                       Conjuration/Ice              9
   e - Fire Storm                     Conjuration/Fire             9
 M - a book of Party Tricks

   Spells                             Type                      Level
   a - Summon Butterflies             Summoning                    1
   b - Apportation                    Translocation                1
   c - Tukima's Dance                 Hexes                        3
   d - Alistair's Intoxication        Transmutation/Poison         5
   e - Invisibility                   Hexes                        6
Comestibles
 k - 3 bread rations
 B - 7 fruits


   Skills:
 + Level 1.2 Fighting
 + Level 0.6 Polearms
 + Level 4.3 Dodging
 + Level 2.9 Stealth
 + Level 5.9 Spellcasting
 + Level 5.5 Conjurations
 + Level 6.8 Air Magic


You had 6 spell levels left.
You knew the following spells:

 Your Spells              Type           Power        Failure   Level  Hunger
a - Shock                 Conj/Air       ####         1%          1    None
b - Swiftness             Chrm/Air       ###.....     3%          2    None
c - Repel Missiles        Chrm/Air       ###...       3%          2    None
d - Static Discharge      Conj/Air       #####...     1%          3    #......
e - Lightning Bolt        Conj/Air       #####.....   17%         5    #####..


Dungeon Overview and Level Annotations

Branches:
Dungeon (7/15)             Temple (1/1) D:4

Shops:
D:7 [


Innate Abilities, Weirdness & Mutations

You have an increased reservoir of magic. (+10% MP)
Your attributes are resistant to harm.


Message History

Zapping:
u - a wand of slowing {zapped: 3} (will waste charges)
Press: ? - help, Shift-Dir - straight line, f/p - komodo dragon
Aim: a komodo dragon (moderately wounded, chance to defeat MR: 34%)
The komodo dragon easily resists.
Evoking this partially-identified wand wasted a few charges.
The komodo dragon bites you!
Evoke which item? (* to show all) (? for menu, Esc to quit)
Zapping:
u - a wand of slowing {zapped: 6} (will waste charges)
Press: ? - help, Shift-Dir - straight line, f/p - komodo dragon
Aim: a komodo dragon (moderately wounded, chance to defeat MR: 34%)
The komodo dragon easily resists.
Evoking this partially-identified wand wasted a few charges.
The komodo dragon bites you!!
Casting: Shock
Confirm with . or Enter, or press ? or * to list all spells.
The komodo dragon is struck by lightning.
The komodo dragon is heavily wounded.
The lightning arcs!
You are struck by lightning.
The lightning grounds out.
The komodo dragon bites you!!
You die...

#................##.# #....[...
#.....###.#.##...##.#######......
####### #.#.##......##.......####
#####.#.######..##.......####
#.....#.# ####..##.....[.....
#.#####.# #.....#######.#....
#.#####.# #.###.# #.#####
#####.......###.###.#######.....#
#...............@l...............
#>...............................
###################.###########.#
#.# #.. #########.## #..
#..........# #####..
#..........######.....#
#..........#....#.....#
#..........#....#.....#


You could see a komodo dragon.

Vanquished Creatures
  Prince Ribbit (D:6)
  Eustachio (D:6)
  A hungry ghost (D:7)
  2 phantoms
  2 black bears (D:6)
  An orc warrior (D:6)
  2 ogres
  A centaur (D:6)
  Blork the orc (D:6)
  A wyvern skeleton (D:6)
  A scorpion (D:6)
  2 wights (D:7)
  2 howler monkeys (D:5)
  2 crimson imps
  2 hounds
  5 giant frog skeletons
  2 orc priests (D:5)
  8 orc wizards
  4 iguanas
  6 worker ants
  2 hound skeletons (D:5)
  A howler monkey zombie (D:4)
  5 gnolls
  8 adders
  An adder skeleton (D:7)
  An adder zombie (D:6)
  2 worms
  A dart slug (D:1)
  2 giant geckos
  14 orcs
  5 giant cockroaches
  9 goblins
  9 hobgoblins
  9 jackals
  A quokka (D:3)
  5 ball pythons
  4 bats
  8 giant newts
  12 kobolds
  6 rats
152 creatures vanquished.

Notes
Turn   | Place    | Note
--------------------------------------------------------------
     0 | D:1      | Ducklets the Demigod Air Elementalist began the quest for the Orb.
     0 | D:1      | Reached XP level 1. HP: 14/14 MP: 5/5
   340 | D:1      | Reached skill level 3 in Air Magic
   405 | D:1      | Reached skill level 1 in Conjurations
   553 | D:1      | Reached XP level 2. HP: 20/20 MP: 5/7
   557 | D:1      | Learned a level 2 spell: Swiftness
  1204 | D:1      | Learned a level 2 spell: Repel Missiles
  1220 | D:1      | Reached XP level 3. HP: 8/26 MP: 2/8
  1935 | D:2      | Found an opulent altar of Gozag.
  1936 | D:2      | Found a blossoming altar of Fedhas.
  2400 | D:2      | Reached XP level 4. HP: 33/33 MP: 8/10
  3167 | D:3      | Reached skill level 4 in Air Magic
  3249 | D:3      | Found a radiant altar of Vehumet.
  3264 | D:3      | You fall through a shaft for 3 floors!
  3286 | D:6      | Noticed Blork the orc
  3290 | D:6      | Noticed Prince Ribbit
  3298 | D:5      | Entered Level 5 of the Dungeon
  3303 | D:4      | Found an oddly glowing altar of Pakellas.
  3452 | D:4      | Got a colourful robe
  3468 | D:4      | Found a staircase to the Ecumenical Temple.
  3611 | D:4      | Noticed a phantom
  3632 | D:4      | Noticed an ogre
  3634 | D:4      | Killed a phantom
  3634 | D:4      | Reached XP level 5. HP: 28/38 MP: 0/12
  3850 | D:3      | Learned a level 3 spell: Static Discharge
  4211 | D:4      | Reached XP level 6. HP: 14/45 MP: 0/13
  4603 | Temple   | Entered the Ecumenical Temple
  4880 | D:5      | Found a snail-covered altar of Cheibriados.
  4889 | D:5      | Found a burning altar of Makhleb.
  4892 | D:5      | Reached skill level 5 in Air Magic
  5028 | D:5      | Reached XP level 7. HP: 27/51 MP: 5/15
  5057 | D:5      | Learned a level 5 spell: Lightning Bolt
  5463 | D:5      | Found a blossoming altar of Fedhas.
  5818 | D:6      | Reached skill level 1 in Fighting
  6013 | D:6      | Reached XP level 8. HP: 59/59 MP: 12/18
  6177 | D:6      | Reached skill level 6 in Air Magic
  6280 | D:6      | Noticed Eustachio
  6308 | D:6      | Killed Eustachio
  6594 | D:6      | Reached skill level 5 in Spellcasting
  6732 | D:6      | Killed Prince Ribbit
  6902 | D:6      | Found a bloodstained altar of Trog.
  6980 | D:6      | Killed Blork the orc
  7611 | D:7      | Found Bepicrum's Armour Boutique.
  7621 | D:7      | Found a sand-covered staircase.
  7775 | D:7      | Reached skill level 5 in Conjurations
  8186 | D:7      | Reached XP level 9. HP: 64/64 MP: 15/21
  8191 | D:7      | Noticed a komodo dragon
  8192 | D:7      | Found a sacrificial altar of Ru.
  8597 | D:7      | Slain by a komodo dragon

Vault maps used:
D:1:      dpeg_arrival_three_smaller_balls
D:2:      nicolae_overflow_crystal_walls, lemuel_crystal_altar
D:3:      lemuel_round_altar
D:4:      lemuel_upstairs_altar, nicolae_overflow_hidden_temple,
          minmay_temple_entry_trees, serial_bayou, serial_bayou_ford_a,
          serial_bayou_shore_b, serial_bayou_pond_d
D:5:      cheibriados_altar_wand_db, lightli_temple_of_fire, first_bread,
          fedhas_altar_1
D:6:      trog_ov_bears_minmay, uniq_prince_ribbit1, uniq_eustachio,
          uniq_blork_the_orc
D:7:      marbit_many_paths, nicolae_ossuary_entry_monument, serial_shops, shop,
          shop
Temple:   temple_eino_lava_12

Skill      XL: |  1  2  3  4  5  6  7  8 |
---------------+-------------------------+-----
Air Magic      | 3 4 5 6 |  6.8
Conjurations   | 1 2 3 5 |  5.5
Spellcasting   | 2 3 4 5 |  5.9
Dodging        | 2 3 4 |  4.3
Stealth        | 2 |  2.9
Fighting       | 1 |  1.2
Polearms       | |  0.6

Action                   |  1- 3 |  4- 6 |  7- 9 || total
-------------------------+-------+-------+-------++-------
Melee: Halberd           |     5 |    13 |     1 ||    19
       Trident           |       |       |    16 ||    16
 Cast: Shock             |    72 |   128 |   200 ||   400
       Static Discharge  |       |     6 |    15 ||    21
Evoke: Wand              |       |       |     3 ||     3
  Use: Scroll            |     2 |     4 |     2 ||     8
       Potion            |       |     7 |       ||     7
 Stab: Sleeping          |     1 |       |       ||     1
  Eat: Bread ration      |     1 |       |     2 ||     3
       Royal jelly       |     1 |       |     1 ||     2
       Meat ration       |       |     2 |       ||     2
       Beef jerky        |       |     1 |       ||     1
Armor: Robe              |     9 |    21 |    23 ||    53
Dodge: Dodged            |    25 |    80 |    57 ||   162
